 Dungeon Crawl Stone Soup version 0.22-a0-196-gee22f27 (webtiles) character file.

71657 b5mith the Impaler (level 14, -1/136 HPs)
             Began as a Minotaur Berserker on Feb 17, 2018.
             Was the Champion of Trog.
             Drowned by a water elemental (7 damage)
             ... on level 1 of the Shoals.
             The game lasted 01:29:50 (20597 turns).

b5mith the Impaler (Minotaur Berserker)            Turns: 20597, Time: 01:29:51

Health: -1/136     AC: 17    Str: 27    XL:     14   Next: 98%
Magic:  13/13      EV: 19    Int:  4    God:    Trog [******]
Gold:   1169       SH:  4    Dex: 14    Spells: 13/13 levels left

rFire    . . .     SeeInvis +   t - +0 bardiche
rCold    . . .     Gourm    .   (shield currently unavailable)
rNeg     . . .     Faith    .   l - +2 scale mail {MR+}
rPois    .         Spirit   .   (helmet restricted)
rElec    .         Reflect  +   m - +0 cloak
rCorr    .         Harm     .   (no gloves)
MR       ++...                  v - +2 pair of boots
Stlth    ..........             Y - +4 amulet of reflection
HPRegen  0.32/turn              f - ring of see invisible
MPRegen  0.13/turn              L - +4 ring of dexterity

@: engulfed (cannot breathe), mesmerised, very slightly contaminated, invisible
A: retaliatory headbutt, horns 2
a: Berserk, Trog's Hand, Brothers in Arms, Burn Spellbooks, Renounce Religion


You were on level 1 of the Shoals.
You worshipped Trog.
Trog was exalted by your worship.
You were not hungry.

You visited 5 branches of the dungeon, and saw 24 of its levels.

You collected 1631 gold pieces.
You spent 462 gold pieces at shops.

Inventory:

Hand Weapons
 t - a +0 bardiche (weapon)
Armour
 l - a +2 scale mail of magic resistance (worn)
 m - a +0 cloak (worn)
 r - a +3 scale mail of fire resistance
 v - a +2 pair of boots (worn)
Jewellery
 d - an uncursed amulet of faith {unknown}
 f - a ring of see invisible (left hand)
 j - an uncursed ring of flight
 I - a +3 ring of intelligence {unknown}
 L - a +4 ring of dexterity (right hand)
 S - an uncursed ring of ice {unknown}
 V - a +2 ring of slaying
 Y - a +4 amulet of reflection (around neck)
Wands
 B - a wand of enslavement (17)
 D - a wand of iceblast (16)
 J - a wand of flame (130)
 P - a wand of disintegration (17)
 R - a wand of clouds (8)
 U - a wand of acid (28)
Scrolls
 a - 2 scrolls of holy word
 b - a scroll of silence {unknown}
 g - 2 scrolls of enchant armour
 i - a scroll of fear {unknown}
 k - 8 scrolls of identify {@r1}
 o - 13 scrolls of remove curse {@r2}
 u - 3 scrolls of magic mapping
 w - 5 scrolls of teleportation
 y - 3 scrolls of immolation
 E - 2 scrolls of acquirement {unknown}
 F - 2 scrolls of summoning {unknown}
 H - a scroll of fog {unknown}
 N - a scroll of enchant weapon {unknown}
 Q - 2 scrolls of vulnerability {unknown}
 W - a scroll of blinking {unknown}
Potions
 n - a potion of invisibility
 p - 2 potions of agility
 q - a potion of magic
 s - 2 potions of cancellation {unknown}
 x - 3 potions of lignification
 z - 3 potions of berserk rage
 A - 3 potions of flight
 G - 2 potions of ambrosia {unknown}
 K - a potion of brilliance {unknown}
 T - 2 potions of resistance {unknown}
Books
 h - a book of Unlife

   Spells                             Type                      Level
   a - Recall                         Summoning/Translocation      3
   b - Animate Dead                   Necromancy                   4
   c - Borgnjor's Vile Clutch         Necromancy/Earth             5
   d - Death Channel                  Necromancy                   6
   e - Simulacrum                     Ice/Necromancy               6
   Trog disapproves of the use of such an item.
 C - a Young Poisoner's Handbook

   Spells                             Type                      Level
   a - Sting                          Conjuration/Poison           1
   b - Poisonous Vapours              Poison/Air                   2
   c - Mephitic Cloud                 Conjuration/Poison/Air       3
   d - Olgreb's Toxic Radiance        Poison                       4
   e - Venom Bolt                     Conjuration/Poison           5
   Trog disapproves of the use of such an item.
 M - a book of Minor Magic

   Spells                             Type                      Level
   a - Magic Dart                     Conjuration                  1
   b - Blink                          Translocation                2
   c - Call Imp                       Summoning                    2
   d - Slow                           Hexes                        2
   e - Conjure Flame                  Conjuration/Fire             3
   f - Mephitic Cloud                 Conjuration/Poison/Air       3
   Trog disapproves of the use of such an item.
Miscellaneous
 X - a box of beasts
Comestibles
 c - 13 rations


   Skills:
 + Level 15.7 Fighting
 + Level 15.7 Polearms
 + Level 15.6 Armour
 + Level 14.4 Dodging


You had 13 spell levels left.
You didn't know any spells.

Dungeon Overview and Level Annotations

Branches:
Dungeon (15/15)            Temple (0/1) D:5            Lair (6/6) D:9
 Shoals (1/4) Lair:2       Spider (1/4) Lair:3          Orc (0/2) D:9
 Vaults (0/5) D:13         Depths (1/5) D:15
  Slime: Lair:5-6

Altars:
Ashenzari
Elyvilon
Kikubaaqudgha
Makhleb
Qazlal
Trog
Uskayaw
Wu Jian
Yredelemnul

Shops:
D:4 (!(*   D:13 =   D:14 (

Annotations:
D:10 samfromsteam's ghost, novice MiBe
D:12 Azrael
Lair:3 exclusion: 2 oklob plants
Lair:5 exclusion: oklob plant
Shoals:1 Frances


Innate Abilities, Weirdness & Mutations

You reflexively headbutt those who attack you in melee.
You have a pair of horns on your head.


Message History

* * * LOW HITPOINT WARNING * * *
Your lungs strain for air!
You block the water elemental's attack.
The merfolk siren chants its luring song.
The smoke demon hits you.
* * * LOW HITPOINT WARNING * * *
The smoke demon barely misses you.
The smoke demon hits you but does no damage.
The wind drake bites you.
* * * LOW HITPOINT WARNING * * *
The neqoxec gestures.
The snapping turtle bites you from afar!
* * * LOW HITPOINT WARNING * * *
The snapping turtle bites you from afar!
* * * LOW HITPOINT WARNING * * *
Aiming: Disintegrate
Press: ? - help, Shift-Dir - straight line, f - merfolk siren
Aim: a merfolk siren, wielding a trident (almost dead, mesmerising, chance to defeat MR: 30%)
The merfolk siren easily resists.
You die...

≈≈≈≈≈≈≈≈≈..≈≈≈≈≈.#
≈≈≈≈≈≈≈≈≈≈.≈?..≈≈≈≈..
≈≈≈≈≈≈≈≈.≈≈≈≈..≈≈≈≈≈.
≈≈≈≈≈≈≈≈≈≈≈≈≈<#
≈≈≈≈≈≈≈≈≈≈≈≈≈##
≈≈≈≈≈≈≈≈≈≈....# ≈
..≈≈≈≈≈m≈≈.≈..##..≈.
.?.≈≈≈≈mEt(≈......≈.
#.≈≈≈@k35≈≈%...≈≈≈
#..≈≈53.3≈5.≈≈≈≈≈≈
#...###t@.≈≈≈≈≈≈≈≈
...... #...≈≈≈≈≈≈≈.
≈≈≈.. .....≈≈≈≈≈≈≈
≈≈≈≈≈ .....≈≈≈≈≈≈≈≈
≈≈≈≈ ......≈≈≈..≈≈≈
≈≈≈≈ ≈≈≈≈


You could see Frances, 2 snapping turtles, a wind drake, a merfolk, a sun demon,
a water elemental, a merfolk siren, a smoke demon, a neqoxec, a crimson imp, a
white imp and an ufetubus.

Vanquished Creatures
  Gastronok (D:11)
  Kirke (D:15)
  The ghost of dalord0 the Fighter, a journeyman GrTm of Ashenzari (Lair:5)
  Josephine (D:11)
  4 hydras
  The ghost of bombasticus the Blocker, a journeyman GrBe of Trog (D:12)
  4 vault guards (D:13)
  2 centaur warriors
  5 two-headed ogres
  4 death yaks (Lair:6)
  Sonja (D:13)
  The ghost of Partyfoot the Skirmisher, a novice DrFi of Okawaru (D:7)
  A fire crab (shapeshifter) (Depths:1)
  2 unseen horrors
  2 wolf spider zombies (D:15)
  A necromancer (D:15)
  A cyclops (D:14)
  6 ugly things (D:14)
  2 wolf spiders
  A manticore (D:11)
  An orc sorcerer (D:15)
  3 deep elf magi
  4 centaur zombies
  The ghost of RedSky the Skirmisher, a novice HOMo of Beogh (D:5)
  A naga mage (D:15)
  Maurice (D:11)
  7 black mambas
  9 elephants
  8 spiny frogs
  Psyche (D:8)
  2 centaur skeletons
  5 komodo dragons
  3 rime drakes
  2 ice devils (Lair:4)
  2 trolls
  4 hornets (Lair:6)
  4 polar bears
  2 slime creatures (D:12)
  21 blink frogs
  A dream sheep (Lair:6)
  5 hippogriffs
  4 redbacks
  12 spriggans (Lair:6)
  A tarantella (Spider:1)
  A wyvern (D:10)
  A shadow (D:15)
  4 hogs (D:15)
  4 fire elementals
  31 yaks
  A vampire (D:13)
  3 fire bats (Lair:3)
  4 wraiths
  A basilisk (Lair:1)
  A hungry ghost (D:8)
  5 vampire mosquitoes
  4 wargs (D:9)
  13 water moccasins
  4 hell hounds
  10 porcupines
  3 ice beasts
  6 orc warriors
  A sky beast (D:5)
  A hornet zombie (D:15)
  2 eyes of draining
  6 black bears
  A phantom (D:9)
  6 ogres
  5 boggarts (Lair:6)
  A necrophage (D:10)
  32 wolves
  11 centaurs
  13 crocodiles
  16 bullfrogs
  3 big kobolds
  3 scorpions
  13 wights
  An electric eel (Lair:4)
  A lava snake (D:14)
  7 crimson imps
  A bullfrog zombie (D:10)
  6 hounds
  4 orc priests
  4 jellies
  5 orc wizards
  A bullfrog skeleton (D:6)
  A gnoll shaman (D:7)
  6 worker ants
  Terence (D:3)
  4 iguanas
  2 hound skeletons (D:8)
  A hound zombie (D:6)
  A howler monkey zombie (D:5)
  4 gnolls (D:7)
  A howler monkey skeleton (D:7)
  10 adders
  4 shadow imps
  An adder zombie (D:5)
  3 worms
  3 dart slugs
  7 leopard geckos
  38 orcs
  6 giant cockroaches
  12 goblins
  6 hobgoblins
  10 jackals
  8 quokkas
  A ball python (D:1)
  7 bats
  8 frilled lizards
  A jackal zombie (D:5)
  21 kobolds
  7 rats
  A fungus (Lair:4)
561 creatures vanquished.

Vanquished Creatures (others)
  2 wights (D:15)
  A bush (Lair:6)
  15 fungi
  8 plants
26 creatures vanquished.

Grand Total: 587 creatures vanquished

Notes
Turn   | Place    | Note
-------+----------+-------------------------------------------
     0 | D:1      | b5mith the Minotaur Berserker began the quest for the Orb.
     0 | D:1      | Reached XP level 1. HP: 19/19 MP: 0/0
   127 | D:1      | Reached XP level 2. HP: 16/27 MP: 1/1
   459 | D:2      | Reached XP level 3. HP: 30/33 MP: 2/2
   472 | D:2      | Reached ** piety under Trog
   628 | D:2      | Reached XP level 4. HP: 38/41 MP: 3/3
   659 | D:2      | Noticed a hand axe
   659 | D:2      | Noticed a dagger
   660 | D:2      | Found a hide-covered altar of Uskayaw.
   775 | D:2      | Found a bloodstained altar of Trog.
   853 | D:2      | Found a basalt altar of Yredelemnul.
   988 | D:3      | Reached XP level 5. HP: 35/47 MP: 4/4
  1187 | D:3      | Reached *** piety under Trog
  1581 | D:3      | Noticed Terence
  1595 | D:3      | Killed Terence
  1595 | D:3      | Reached skill level 5 in Fighting
  1595 | D:3      | Reached skill level 5 in Polearms
  1705 | D:4      | Found Xytyxul's General Store.
  1771 | D:4      | Noticed an ogre
  1782 | D:4      | Killed an ogre
  1782 | D:4      | Reached XP level 6. HP: 32/56 MP: 5/5
  1974 | D:4      | Found Cecver's Weapon Emporium.
  1982 | D:4      | Bought a +0 bardiche for 126 gold pieces
  1983 | D:4      | Found Bouxtos's Distillery.
  2029 | D:4      | Found Lyptov's Antique Weapon Shoppe.
  2132 | D:4      | Found a white marble altar of Elyvilon.
  2132 | D:4      | Found a stormy altar of Qazlal.
  2284 | D:4      | Found a burning altar of Makhleb.
  2546 | D:5      | Entered Level 5 of the Dungeon
  2666 | D:5      | Noticed a sky beast
  2673 | D:5      | Killed a sky beast
  2673 | D:5      | Reached skill level 5 in Armour
  2673 | D:5      | Reached XP level 7. HP: 54/62 MP: 6/6
  2690 | D:5      | Reached **** piety under Trog
  2715 | D:5      | Noticed RedSky's ghost (novice HOMo)
  2724 | D:5      | Killed RedSky's ghost
  2724 | D:5      | Reached skill level 5 in Dodging
  2889 | D:5      | Reached XP level 8. HP: 58/71 MP: 7/7
  3053 | D:5      | Found a staircase to the Ecumenical Temple.
  3807 | D:6      | Noticed a two-headed ogre
  3816 | D:6      | Killed a two-headed ogre
  3816 | D:6      | Reached XP level 9. HP: 51/81 MP: 8/8
  4339 | D:7      | Noticed Partyfoot's ghost (novice DrFi)
  4371 | D:7      | Killed Partyfoot's ghost
  4726 | D:7      | Found an ancient bone altar of Kikubaaqudgha.
  4770 | D:7      | Received a gift from Trog
  5498 | D:8      | Reached XP level 10. HP: 84/91 MP: 9/9
  5536 | D:8      | Noticed Psyche
  5555 | D:8      | Killed Psyche
  6021 | D:9      | Found a staircase to the Orcish Mines.
  6210 | D:9      | Found an ornate altar of the Wu Jian Council.
  6249 | D:9      | Found a staircase to the Lair.
  6685 | D:10     | Entered Level 10 of the Dungeon
  6691 | D:10     | Noticed samfromsteam's ghost (novice MiBe)
  7040 | D:10     | Noticed a two-headed ogre
  7046 | D:10     | Killed a two-headed ogre
  7046 | D:10     | Reached skill level 10 in Fighting
  7046 | D:10     | Reached skill level 10 in Polearms
  7448 | D:10     | Reached ***** piety under Trog
  7570 | D:10     | Reached skill level 10 in Armour
  7593 | D:11     | Noticed a two-headed ogre
  7601 | D:11     | Killed a two-headed ogre
  7844 | D:11     | Noticed Gastronok
  7864 | D:11     | Killed Gastronok
  7864 | D:11     | Reached XP level 11. HP: 71/101 MP: 10/10
  7887 | D:11     | Noticed a two-headed ogre
  7892 | D:11     | Killed a two-headed ogre
  8009 | D:11     | Reached skill level 10 in Dodging
  8192 | D:11     | Noticed Maurice
  8209 | D:11     | Killed Maurice
  8333 | D:11     | Noticed Josephine
  8341 | D:11     | Killed Josephine
  8648 | D:12     | Found a flagged portal.
  8671 | D:12     | Noticed bombasticus's ghost (journeyman GrBe)
  9167 | D:12     | Killed bombasticus's ghost
  9614 | D:12     | Noticed an unseen horror
  9618 | D:12     | Killed an unseen horror
  9697 | D:12     | Noticed Azrael
 10212 | D:12     | Reached XP level 12. HP: 59/112 MP: 11/11
 10347 | D:13     | Noticed a centaur warrior
 10354 | D:13     | Noticed a two-headed ogre
 10357 | D:13     | Killed a centaur warrior
 10359 | D:13     | Killed a two-headed ogre
 10417 | D:13     | Found a gate to the Vaults.
 10449 | D:13     | Noticed a vault guard
 10452 | D:13     | Killed a vault guard
 10516 | D:13     | Noticed a vault guard
 10522 | D:13     | Killed a vault guard
 10526 | D:13     | Noticed Sonja
 10544 | D:13     | Killed Sonja
 10547 | D:13     | Noticed a vault guard
 10556 | D:13     | Killed a vault guard
 10769 | D:13     | Found Fuibluitz's Jewellery Shop.
 10778 | D:13     | Bought a +2 ring of slaying for 336 gold pieces
 10785 | D:13     | Noticed a vault guard
 10791 | D:13     | Killed a vault guard
 11401 | D:14     | Reached ****** piety under Trog
 11526 | D:14     | Noticed a centaur warrior
 11536 | D:14     | Killed a centaur warrior
 11712 | D:14     | Found Xito's Antique Weapon Shoppe.
 11823 | D:14     | Found a shattered altar of Ashenzari.
 11861 | D:14     | You fall through a shaft!
 11861 | D:15     | Entered Level 15 of the Dungeon
 11871 | D:15     | Reached XP level 13. HP: 117/122 MP: 12/12
 11976 | D:15     | Noticed Kirke
 11988 | D:15     | Killed Kirke
 12919 | D:15     | Found a staircase to the Depths.
 12925 | Depths:1 | Entered Level 1 of the Depths
 12941 | Depths:1 | Noticed a stone giant
 12954 | Depths:1 | Noticed a stone giant
 13604 | Lair:1   | Entered Level 1 of the Lair of Beasts
 14878 | Lair:1   | Received a gift from Trog
 14893 | Lair:2   | Found a staircase to the Shoals.
 15515 | Lair:3   | Found a hole to the Spider Nest.
 16420 | Lair:4   | Reached XP level 14. HP: 74/133 MP: 13/13
 16627 | Lair:4   | Found a frozen archway.
 17277 | Lair:5   | Noticed dalord0's ghost (journeyman GrTm)
 17286 | Lair:5   | Killed dalord0's ghost
 18064 | Lair:6   | Entered Level 6 of the Lair of Beasts
 18068 | Lair:6   | Reached skill level 15 in Polearms
 18139 | Lair:6   | Reached skill level 15 in Fighting
 18211 | Lair:6   | Received a gift from Trog
 18462 | Lair:6   | Reached skill level 15 in Armour
 19181 | Lair:6   | Paralysed by a hornet for 3 turns
 19206 | Lair:6   | Received a gift from Trog
 20075 | Spider:1 | Entered Level 1 of the Spider Nest
 20582 | Shoals:1 | Entered Level 1 of the Shoals
 20589 | Shoals:1 | Noticed Frances
 20596 | Shoals:1 | HP: 6/136 [snapping turtle (15)]
 20597 | Shoals:1 | Drowned by a water elemental

Vault maps used:
D:1:      lightli_arrival_chessboard
D:2:      dancing_weapons_uskayaw, lemuel_crystal_altar, lemuel_round_altar
D:3:      serial_glass, glass_columns_a, glass_columns_b, uniq_terence
D:4:      gammafunk_temple_overflow_wave, makhleb_blood_cavern_becter,
          first_ration, serial_shops, shop, shop, nicolae_shop_statue_plus,
          shop, serial_forest, infiniplex_forest_corner_1,
          infiniplex_forest_corner_1, infiniplex_forest_lined_4_way,
          infiniplex_forest_end_1, st_stairs_14, minivault_14
D:5:      temple_green, hangedman_decor_diamond_cutter
D:7:      kennysheep_little_box, enter_ossuary_1
D:8:      corexii_hall_statues_i, uniq_psyche
D:9:      nicolae_overflow_crystal_walls, lair_entry_dummy,
          minmay_orc_entry_guard_dogs
D:10:     minmay_the_grid_octo_tiled_squarecenter, the_bakery,
          nrook_guardian_serpent_double
D:11:     uniq_gastronok, uniq_maurice, uniq_josephine
D:12:     enter_bailey_2, uniq_azrael
D:13:     lightli_vaults_fourway_checkpoint, serial_shops, shop_fountains,
          lab_entry_generic, uniq_sonja
D:14:     nicolae_lava_and_water, serial_shops, nicolae_shop_overgrown_old_shop,
          lemuel_tele_altar
D:15:     grunt_enter_depths_magical_seal, serial_park_tiny_1, uniq_kirke
Lair:1:   columned_hall_lemuel, lemuel_fruit_tree
Lair:2:   elwin_shoals_entry_rocks, minivault_25
Lair:3:   dummy_spider_entry, nicolae_volcano_entry_batcave,
          minmay_lair_oklob_chamber
Lair:4:   portal_ice_cave_demonic_guard, serial_bayou_shore_b
Lair:5:   minmay_slime_entry_oklob_enclosed
Lair:6:   minmay_lair_end_enchanted_forest
Shoals:1: serial_shops, shop, uniq_frances
Depths:1: grunt_pan_entry_spiral, nicolae_ashenzari_panopticon, hell_entry,
          kennysheep_generic_room_15, uniq_asterion

Skill      XL: |  1  2  3  4  5  6  7  8  9 10 11 12 13 14 |
---------------+-------------------------------------------+-----
Fighting       | 4 5 6 8 9 10 12 13 14 15 | 15.7
Polearms       | 4 5 6 8 9 10 12 13 14 15 | 15.7
Armour         | 3 4 5 6 7 9 10 11 13 14 15 | 15.6
Dodging        | 3 4 5 6 8 9 10 12 13 14 | 14.4

Action                   |  1- 3 |  4- 6 |  7- 9 | 10-12 | 13-15 || total
-------------------------+-------+-------+-------+-------+-------++-------
Melee: Spear             |    92 |   122 |       |       |       ||   214
       Headbutt          |    10 |    17 |    31 |   101 |   175 ||   334
       Bardiche          |       |    41 |   202 |   418 |   678 ||  1339
Throw: Tomahawk          |       |     7 |    21 |    65 |    19 ||   112
       Javelin           |       |       |       |       |   110 ||   110
Invok: Berserk           |       |     1 |     2 |     7 |     3 ||    13
Evoke: Wand              |       |       |       |     2 |     1 ||     3
  Use: Scroll            |       |       |     5 |    12 |     6 ||    23
       Potion            |       |       |     7 |     9 |    12 ||    28
 Stab: Sleeping          |     1 |     2 |       |       |       ||     3
       Distracted        |       |       |       |       |     1 ||     1
  Eat: Ration            |       |     2 |     2 |     8 |     9 ||    21
       Chunk             |       |     2 |     4 |       |     3 ||     9
Armor: Animal skin       |     8 |     8 |       |       |       ||    16
       Scale mail        |       |    23 |    81 |   217 |   314 ||   635
Dodge: Dodged            |    45 |    85 |   140 |   403 |   743 ||  1416
Block: Other             |       |       |       |       |   137 ||   137

Table legend:
 A = Spawn XP
 B = Non-spawn XP
 C = Spawn XP percentage of total XP
 D = Spawn monster count
 E = Non-spawn monster count
 F = Spawn count percentage of total count
 G = Total turns spent on level
                    A         B        C        D         E        F      G
               +---------+---------+-------+---------+---------+-------+---------
         Total |       0 |  102368 |   0.0 |       0 |     560 |   0.0 | 20597
               +---------+---------+-------+---------+---------+-------+---------
           D:1 |       0 |      39 |   0.0 |       0 |      22 |   0.0 |   456
           D:2 |       0 |      74 |   0.0 |       0 |      23 |   0.0 |   504
           D:3 |       0 |     211 |   0.0 |       0 |      32 |   0.0 |   726
           D:4 |       0 |     237 |   0.0 |       0 |      19 |   0.0 |   860
           D:5 |       0 |     942 |   0.0 |       0 |      17 |   0.0 |   636
           D:6 |       0 |    1682 |   0.0 |       0 |      16 |   0.0 |  1075
           D:7 |       0 |    1367 |   0.0 |       0 |      17 |   0.0 |   836
           D:8 |       0 |    1457 |   0.0 |       0 |      22 |   0.0 |   861
           D:9 |       0 |    1133 |   0.0 |       0 |      13 |   0.0 |  1058
          D:10 |       0 |    2025 |   0.0 |       0 |      28 |   0.0 |   650
          D:11 |       0 |    9689 |   0.0 |       0 |      35 |   0.0 |  1698
          D:12 |       0 |    3116 |   0.0 |       0 |      10 |   0.0 |  1023
          D:13 |       0 |    8498 |   0.0 |       0 |      22 |   0.0 |   703
          D:14 |       0 |    7148 |   0.0 |       0 |      35 |   0.0 |   898
          D:15 |       0 |   10290 |   0.0 |       0 |      33 |   0.0 |  1588
        Lair:1 |       0 |    4666 |   0.0 |       0 |      22 |   0.0 |   912
        Lair:2 |       0 |    3515 |   0.0 |       0 |      15 |   0.0 |   617
        Lair:3 |       0 |    6346 |   0.0 |       0 |      26 |   0.0 |  1557
        Lair:4 |       0 |    7360 |   0.0 |       0 |      29 |   0.0 |  1116
        Lair:5 |       0 |    5982 |   0.0 |       0 |      16 |   0.0 |   966
        Lair:6 |       0 |   24379 |   0.0 |       0 |     102 |   0.0 |  1767
      Spider:1 |       0 |    1417 |   0.0 |       0 |       5 |   0.0 |    43
      Depths:1 |       0 |     795 |   0.0 |       0 |       1 |   0.0 |    32
               +---------+---------+-------+---------+---------+-------+---------
